 Dungeon Crawl Stone Soup version 0.26.1-11-gd32895ea62 (webtiles) character file.

Game seed: 10608532410831518913

561 Zeld the Cutter (level 7, -2/45 HPs)
             Began as an Octopode Brigand on May 14, 2021.
             Slain by a centaur (6 damage)
             ... on level 5 of the Dungeon.
             The game lasted 00:08:48 (6422 turns).

Zeld the Cutter (Octopode Brigand)                  Turns: 6422, Time: 00:08:49

Health: -2/45      AC:  1    Str: 12    XL:     7   Next: 31%
Magic:  12/12      EV: 13    Int: 14    God:
Gold:   258        SH:  0    Dex: 13    Spells: 13/13 levels left

rFire    . . .     SeeInvis .   a - +2 dagger
rCold    . . .     Faith    .   (no shield)
rNeg     . . .     Spirit   .   (helmet restricted)
rPois    .         Reflect  .   (no amulet)
rElec    .         Harm     .   (no ring)
rCorr    .         Rampage  .   (no ring)
Will     .....                  (no ring)
Stlth    ++++......             (no ring)
HPRegen  0.15/turn              (no ring)
MPRegen  0.13/turn              (no ring)
                                (no ring)
                                (no ring)

@: no status effects
A: almost no armour, stealthy swim, amphibious, 8 rings, constrict 8, camouflage
1, gelatinous body 1
a: no special abilities


You were on level 5 of the Dungeon.
You visited 1 branch of the dungeon, and saw 5 of its levels.

You collected 258 gold pieces.

Inventory:

Hand Weapons
 a - a +2 dagger (weapon)
 j - a cursed -3 dagger
Missiles
 b - 12 poisoned darts (quivered)
 c - 2 curare-tipped darts
Jewellery
 v - an uncursed amulet of magic regeneration {unknown}
Wands
 q - a wand of polymorph (11)
Scrolls
 d - 4 scrolls of teleportation
 f - 2 scrolls of enchant armour
 i - 3 scrolls of amnesia
 n - a scroll of enchant weapon {unknown}
 r - a scroll of magic mapping
 t - a scroll of remove curse {unknown}
Potions
 e - 2 potions of heal wounds {unknown}
 g - a potion of attraction {unknown}
 h - a potion of flight {unknown}
 k - 5 potions of curing {unknown}
 l - a potion of lignification {unknown}
 m - a potion of magic {unknown}
 o - 7 potions of mutation {unknown}
 s - 2 potions of brilliance {unknown}
 u - a potion of invisibility {unknown}


   Skills:
 - Level 2.0 Fighting
 * Level 6.5 Short Blades
 - Level 2.0 Throwing
 - Level 1.0 Dodging
 - Level 5.3 Stealth
 + Level 3.7 Spellcasting


You had 13 spell levels left.
You didn't know any spells.
Your spell library contained the following spells:

 Spells                   Type           Power        Failure   Level
 Confusing Touch          Hex            2%           52%         3
 Gell's Gravitas          Tloc           1%           52%         3
 Petrify                  Tmut/Erth      2%           89%         4
 Metabolic Englaciation   Hex/Ice        1%           99%         5
 Yara's Violent Unravell  Hex/Tmut       1%           99%         5


Dungeon Overview and Level Annotations

Branches:
Dungeon (5/15)
 Temple: D:4-7

Altars:
Ashenzari
Gozag
Trog

Shops:
D:5 (

Annotations:
D:4 exclusion: phantom, Pikel


Innate Abilities, Weirdness & Mutations

You cannot wear most types of armour.
You are very stealthy in the water. (Stealth+)
You are amphibious.
You can wear up to eight rings at the same time.
You can use your tentacles to constrict eight enemies at once.
Your skin changes colour to match your surroundings (Stealth+).
Your rubbery body absorbs attacks. (AC +1, EV +1)


Message History

You hit the lemure.
The lemure is almost dead.
You constrict the lemure.
You kill the lemure!
That felt strangely unrewarding.
The centaur shoots an arrow.
The arrow hits you.
* * * LOW HITPOINT WARNING * * *
The centaur unwields a +0 shortbow.
The centaur hits you!
* * * LOW HITPOINT WARNING * * *
Unknown command.
You hit the centaur.
The centaur is lightly wounded.
The centaur barely misses you.
You barely miss the centaur.
The centaur is lightly wounded.
The centaur closely misses you.
You hit the centaur but do no damage.
The centaur is lightly wounded.
The centaur hits you.
You die...

.. ...#..............#####
..# #...##.......##.........
...# ##..#
##......######..... ..c.#
#...# ##.....# ###... ....
##..# ##....# ##.. #..###...#
##....## ####.. #..#....#
#......#####...[. #.<.c..#
####(...............
##.(#..###.c@#####..#######..
#.###..(...## #.## #.. #.#
#....### #.# ##. ##.....###
### #. ####### #


You could see a centaur.

Vanquished Creatures
  Edmund (D:5)
  A centaur (D:5)
  2 lemures
  2 hounds (D:4)
  An orc wizard (D:3)
  An orc priest (D:5)
  An iguana (D:5)
  A worker ant (D:5)
  5 adders
  A gnoll (D:1)
  A white imp (D:4)
  An ufetubus (D:5)
  An ooze (D:3)
  8 worms
  3 dart slugs
  4 leopard geckos
  8 orcs
  7 giant cockroaches
  8 goblins
  4 hobgoblins
  7 jackals
  7 kobolds
  2 quokkas
  7 bats
  6 frilled lizards
  10 rats
100 creatures vanquished.

Notes
Turn   | Place    | Note
-------+----------+-------------------------------------------
     0 | D:1      | Zeld the Octopode Brigand began the quest for the Orb.
     0 | D:1      | Reached XP level 1. HP: 14/14 MP: 1/1
     4 | D:1      | Noticed a spriggan
     4 | D:1      | Noticed a vampire
     6 | D:1      | Noticed a naga
     6 | D:1      | Noticed an octopode
     8 | D:1      | Noticed a halfling
     8 | D:1      | Noticed a tengu
    10 | D:1      | Noticed a felid
    10 | D:1      | Noticed a merfolk
    13 | D:1      | Noticed a ghoul
    15 | D:1      | Noticed a gargoyle
    15 | D:1      | Noticed a dwarf
    17 | D:1      | Noticed a demonspawn
    17 | D:1      | Noticed an elf
    19 | D:1      | Noticed a demigod
    19 | D:1      | Noticed a draconian
    21 | D:1      | Noticed a human
    21 | D:1      | Noticed a vine stalker
    23 | D:1      | Noticed a troll
    25 | D:1      | Noticed a minotaur
    25 | D:1      | Noticed a centaur
    27 | D:1      | Noticed a formicid
    27 | D:1      | Noticed an ogre
   390 | D:1      | Reached XP level 2. HP: 19/19 MP: 2/2
   446 | D:1      | Reached skill level 1 in Spellcasting
   555 | D:1      | Reached skill level 3 in Short Blades
   589 | D:1      | Reached XP level 3. HP: 23/24 MP: 4/4
  1307 | D:2      | Reached XP level 4. HP: 29/29 MP: 6/6
  1641 | D:2      | Reached skill level 4 in Short Blades
  2388 | D:3      | Reached XP level 5. HP: 33/34 MP: 8/8
  2606 | D:3      | Found a broken altar of Ashenzari.
  3658 | D:4      | Noticed a phantom
  3718 | D:4      | Noticed a lemure
  4277 | D:4      | Reached skill level 5 in Short Blades
  4277 | D:4      | Reached XP level 6. HP: 39/39 MP: 8/10
  4575 | D:4      | Noticed a moth of wrath
  4578 | D:4      | Found a bloodstained altar of Trog.
  5363 | D:5      | Entered Level 5 of the Dungeon
  5418 | D:5      | Found an opulent altar of Gozag.
  5586 | D:5      | Noticed Edmund
  5604 | D:5      | Killed Edmund
  5605 | D:5      | Reached skill level 6 in Short Blades
  5605 | D:5      | Reached XP level 7. HP: 45/45 MP: 10/12
  5701 | D:5      | Found Ybat Lith's Antique Weapon Boutique.
  6397 | D:4      | Noticed Pikel
  6422 | D:5      | Slain by a centaur

Illustrated notes

Levels and vault maps discovered:
D:1:      kb_arrival_jail, layout_loops_ring, st_stairs_4
D:2:      layout_basic
D:3:      layout_loops_cross, cheibrodos_ashenzari_chains,
          grunt_decor_resistance, kennysheep_another_room
D:4:      layout_basic, tgw_trog, uniq_pikel
D:5:      layout_layer_cave, general_overflow_altar,
          nicolae_gozag_cash_rules_everything_around_me, serial_shops, shop,
          kennysheep_minor_cross, goddamned_bats, uniq_edmund

Skill      XL: |  1  2  3  4  5  6 |
---------------+-------------------+-----
Spellcasting   | 1 2 3 |  3.7
Short Blades   | 3 4 5 6 |  6.5
Fighting       | |  2.0
Throwing       | |  2.0
Dodging        | |  1.0
Stealth        | |  5.3

Action                   |  1- 3 |  4- 6 |  7- 9 || total
-------------------------+-------+-------+-------++-------
Melee: Dagger            |    67 |   149 |    25 ||   241
       Constrict         |    20 |    29 |     3 ||    52
       Tentacles         |    18 |    26 |     4 ||    48
Throw: Dart              |       |     9 |     1 ||    10
  Use: Scroll            |       |     5 |     1 ||     6
 Stab: Sleeping          |     7 |    23 |     1 ||    31
       Distracted        |       |     2 |       ||     2
Armor: Skin              |     8 |     5 |     3 ||    16
Dodge: Dodged            |    34 |    71 |    18 ||   123
